PAA
SACRAMENTO WHITECAPS @ ATHLETIC CLUB KC ACADEMY
08/15/2020
 
TOP OF THE 1ST
Sacramento Whitecaps batting - Pitching for Athletic Club KC Academy : RHP Severiano Duclos
Pitching: RHP Severiano Duclos
Batting: RHB Héctor Galván 0-0: Called Strike
0-1: Foul Ball, location: 2F
0-2: Hit by Pitch
Batting: RHB Dan Mendoza 0-0: Ball
1-0: Foul Ball, location: 2F
1-1: Foul Ball, location: 2F
1-2: Foul Ball, location: 2F
1-2: Strikes out swinging
Batting: RHB Randy García 0-0: Ball
1-0: Swinging Strike
1-1: Ball
Héctor Galván steals 2nd base
2-1: Ball
3-1: Base on Balls
Batting: RHB Randall Parkinson 0-0: Ball
1-0: Called Strike
1-1: Ball
2-1: Swinging Strike
2-2: Ground out 5-3 (Groundball, 56S)
Héctor Galván to third
Randy García to second
Batting: RHB José Rivera 0-0: Ball
1-0: Ball
2-0: Ground out 5-3 (Groundball, 5)
Top of the 1st over - 0 run(s), 0 hit(s), 0 error(s), 2 left on base; Sacramento 0 - Athletic Club KC Academy 0
BOTTOM OF THE 1ST
Athletic Club KC Academy batting - Pitching for Sacramento Whitecaps : LHP Addie Samson
Pitching: LHP Addie Samson
Batting: RHB Ellis Martin 0-0: Ball
1-0: Foul Ball, location: 2F
1-1: Ball
2-1: Ball
3-1: Swinging Strike
3-2: Strikes out looking
Batting: SHB António Montés 0-0: Ball
1-0: Foul Ball, location: 2F
1-1: Ground out 5-3 (Groundball, 5)
Batting: RHB Glenn Woods 0-0: Called Strike
0-1: Ball
1-1: Ground out 6-3 (Groundball, 6M)
Bottom of the 1st over - 0 run(s), 0 hit(s), 0 error(s), 0 left on base; Sacramento 0 - Athletic Club KC Academy 0
TOP OF THE 2ND
Sacramento Whitecaps batting - Pitching for Athletic Club KC Academy : RHP Severiano Duclos
Batting: RHB Álex Escobar 0-0: Foul Ball, location: 2F
0-1: Fly out, F7 (Flyball, 7S)
Batting: LHB Jay Carlson 0-0: Called Strike
0-1: Foul Ball, location: 2F
0-2: Strikes out swinging
Batting: RHB Jackson Shewman 0-0: Foul Ball, location: 2F
0-1: Ball
1-1: Ball
2-1: Ball
3-1: Fly out, F8 (Flyball, 78M)
Top of the 2nd over - 0 run(s), 0 hit(s), 0 error(s), 0 left on base; Sacramento 0 - Athletic Club KC Academy 0
BOTTOM OF THE 2ND
Athletic Club KC Academy batting - Pitching for Sacramento Whitecaps : LHP Addie Samson
Batting: LHB Thatcher Douglas 0-0: Ball
1-0: Ball
2-0: Ball
3-0: Called Strike
3-1: Foul Ball, location: 2F
3-2: Base on Balls
Batting: SHB Evan Adams 0-0: Ball
1-0: Called Strike
1-1: Grounds into double play, 6-4-3 (Groundball, 6)
Batting: RHB Bob Curry 0-0: Foul Ball, location: 2F
0-1: Ball
1-1: Foul Ball, location: 2F
1-2: Strikes out looking
Bottom of the 2nd over - 0 run(s), 0 hit(s), 0 error(s), 0 left on base; Sacramento 0 - Athletic Club KC Academy 0
TOP OF THE 3RD
Sacramento Whitecaps batting - Pitching for Athletic Club KC Academy : RHP Severiano Duclos
Batting: RHB Billy Strauss 0-0: Foul Ball, location: 2F
0-1: Swinging Strike
0-2: Strikes out swinging
Batting: RHB Héctor Galván 0-0: Ball
1-0: Fly out, F6 (Line Drive, 6)
Batting: RHB Dan Mendoza 0-0: Foul Ball, location: 2F
0-1: Ball
1-1: Ball
2-1: Fly out, F9 (Line Drive, 89M)
Top of the 3rd over - 0 run(s), 0 hit(s), 0 error(s), 0 left on base; Sacramento 0 - Athletic Club KC Academy 0
BOTTOM OF THE 3RD
Athletic Club KC Academy batting - Pitching for Sacramento Whitecaps : LHP Addie Samson
Batting: RHB John Williams 0-0: Ball
1-0: Called Strike
1-1: Ground out 6-3 (Groundball, 6)
Batting: RHB Jorge Rodríguez 0-0: Swinging Strike
0-1: Ball
1-1: Ball
2-1: Ball
3-1: Base on Balls
Batting: SHB Don Holmes 0-0: Foul Ball, location: 2F
0-1: Ball
1-1: Ball
2-1: Swinging Strike
2-2: Ball
3-2: Base on Balls
Jorge Rodríguez to second
Batting: RHB Ellis Martin 0-0: Swinging Strike
0-1: Foul Ball, location: 2F
0-2: Foul Ball, location: 2F
0-2: Ball
1-2: Grounds into double play, 6-4-3 (Groundball, 6)
Bottom of the 3rd over - 0 run(s), 0 hit(s), 0 error(s), 1 left on base; Sacramento 0 - Athletic Club KC Academy 0
TOP OF THE 4TH
Sacramento Whitecaps batting - Pitching for Athletic Club KC Academy : RHP Severiano Duclos
Batting: RHB Randy García 0-0: Fly out, F7 (Flyball, 7D)
Batting: RHB Randall Parkinson 0-0: Called Strike
0-1: Foul Ball, location: 2F
0-2: Foul Ball, location: 2F
0-2: Ball
1-2: Ball
2-2: Ball
3-2: Base on Balls
Batting: RHB José Rivera 0-0: Foul Ball, location: 2F
0-1: Ball
1-1: Foul Ball, location: 2F
1-2: Foul Ball, location: 2F
1-2: Fly out, F6 (Popup, 5L)
Batting: RHB Álex Escobar 0-0: Ball
1-0: Ball
2-0: Ball
3-0: Called Strike
3-1: Fly out, F8 (Flyball, 8LM)
Top of the 4th over - 0 run(s), 0 hit(s), 0 error(s), 1 left on base; Sacramento 0 - Athletic Club KC Academy 0
BOTTOM OF THE 4TH
Athletic Club KC Academy batting - Pitching for Sacramento Whitecaps : LHP Addie Samson
Batting: SHB António Montés 0-0: Called Strike
0-1: Fly out, F3 (Popup, 3F)
Batting: RHB Glenn Woods 0-0: Ball
1-0: Foul Ball, location: 2F
1-1: Ball
2-1: Called Strike
2-2: Reached on error, E6 (Groundball, 6M)
Batting: LHB Thatcher Douglas 0-0: 2-RUN HOME RUN (Flyball, 9LD), Distance : 335 ft
Batting: SHB Evan Adams 0-0: Called Strike
0-1: Ground out 5-3 (Groundball, 5)
Batting: RHB Bob Curry 0-0: Called Strike
0-1: Ball
1-1: Foul Ball, location: 2F
1-2: Ball
2-2: Foul Ball, location: 2F
2-2: Strikes out looking
Bottom of the 4th over - 2 run(s), 1 hit(s), 1 error(s), 0 left on base; Sacramento 0 - Athletic Club KC Academy 2
TOP OF THE 5TH
Sacramento Whitecaps batting - Pitching for Athletic Club KC Academy : RHP Severiano Duclos
Batting: LHB Jay Carlson 0-0: Ball
1-0: Ball
2-0: Fly out, F7 (Flyball, 7LM)
Batting: RHB Jackson Shewman 0-0: Ball
1-0: Ball
2-0: Called Strike
2-1: Foul Ball, location: 2F
2-2: Ball
3-2: Fly out, F7 (Flyball, 78S)
Batting: RHB Billy Strauss 0-0: Ball
1-0: Foul Ball, location: 2F
1-1: Foul Ball, location: 2F
1-2: Ball
2-2: Ground out 6-3 (Groundball, 6)
Top of the 5th over - 0 run(s), 0 hit(s), 0 error(s), 0 left on base; Sacramento 0 - Athletic Club KC Academy 2
BOTTOM OF THE 5TH
Athletic Club KC Academy batting - Pitching for Sacramento Whitecaps : LHP Addie Samson
Batting: RHB John Williams 0-0: Ball
1-0: Fly out, F7 (Line Drive, 78S)
Batting: RHB Jorge Rodríguez 0-0: Called Strike
0-1: Foul Ball, location: 2F
0-2: Strikes out swinging
Batting: SHB Don Holmes 0-0: Ball
1-0: Ball
2-0: Foul Ball, location: 2F
2-1: Swinging Strike
2-2: Foul Ball, location: 2F
2-2: Foul Ball, location: 2F
2-2: Ball
3-2: Base on Balls
Batting: RHB Ellis Martin 0-0: Fly out, F1 (Popup, 15S)
Bottom of the 5th over - 0 run(s), 0 hit(s), 0 error(s), 1 left on base; Sacramento 0 - Athletic Club KC Academy 2
TOP OF THE 6TH
Sacramento Whitecaps batting - Pitching for Athletic Club KC Academy : RHP Severiano Duclos
Batting: RHB Héctor Galván 0-0: Ball
1-0: Called Strike
1-1: Swinging Strike
1-2: Ball
2-2: Foul Ball, location: 2F
2-2: Ball
3-2: Strikes out swinging
Batting: RHB Dan Mendoza 0-0: Called Strike
0-1: Ball
1-1: Foul Ball, location: 2F
1-2: Ball
2-2: Foul Ball, location: 2F
2-2: Fly out, F8 (Flyball, 8RM)
Batting: RHB Randy García 0-0: Foul Ball, location: 2F
0-1: Foul Ball, location: 2F
0-2: Ball
1-2: Foul Ball, location: 2F
1-2: Foul Ball, location: 2F
1-2: Fly out, F7 (Line Drive, 7S)
Top of the 6th over - 0 run(s), 0 hit(s), 0 error(s), 0 left on base; Sacramento 0 - Athletic Club KC Academy 2
BOTTOM OF THE 6TH
Athletic Club KC Academy batting - Pitching for Sacramento Whitecaps : LHP Addie Samson
Batting: SHB António Montés 0-0: Fly out, F8 (Line Drive, 8RD)
Batting: RHB Glenn Woods 0-0: Ball
1-0: Foul Ball, location: 2F
1-1: Ground out 5-3 (Groundball, 5S)
Batting: LHB Thatcher Douglas 0-0: Ball
1-0: Foul Ball, location: 2F
1-1: Ball
2-1: Swinging Strike
2-2: Strikes out swinging
Bottom of the 6th over - 0 run(s), 0 hit(s), 0 error(s), 0 left on base; Sacramento 0 - Athletic Club KC Academy 2
TOP OF THE 7TH
Sacramento Whitecaps batting - Pitching for Athletic Club KC Academy : RHP Severiano Duclos
Batting: RHB Randall Parkinson 0-0: Called Strike
0-1: Foul Ball, location: 2F
0-2: Ball
1-2: Ground out 6-3 (Groundball, 6)
Batting: RHB José Rivera 0-0: Called Strike
0-1: Fly out, F7 (Flyball, 78D)
Batting: RHB Álex Escobar 0-0: Ball
1-0: Ball
2-0: Ball
3-0: Called Strike
3-1: Foul Ball, location: 2F
3-2: Base on Balls
Batting: LHB Jay Carlson 0-0: Called Strike
0-1: Fly out, F9 (Flyball, 9S)
Top of the 7th over - 0 run(s), 0 hit(s), 0 error(s), 1 left on base; Sacramento 0 - Athletic Club KC Academy 2
BOTTOM OF THE 7TH
Athletic Club KC Academy batting - Pitching for Sacramento Whitecaps : LHP Addie Samson
Batting: SHB Evan Adams 0-0: Called Strike
0-1: Ball
1-1: Ball
2-1: Foul Ball, location: 2F
2-2: Ball
3-2: Ground out 2-3 (Groundball, 2L)
Batting: RHB Bob Curry 0-0: Ball
1-0: Fly out, F7 (Flyball, 78S)
Batting: RHB John Williams 0-0: Called Strike
0-1: Swinging Strike
0-2: Ball
1-2: Ball
2-2: Ball
3-2: SINGLE (Groundball, 34D)
Batting: RHB Jorge Rodríguez 0-0: Called Strike
0-1: Ground out 4-3 (Groundball, 4S)
Bottom of the 7th over - 0 run(s), 1 hit(s), 0 error(s), 1 left on base; Sacramento 0 - Athletic Club KC Academy 2
TOP OF THE 8TH
Sacramento Whitecaps batting - Pitching for Athletic Club KC Academy : RHP Severiano Duclos
Batting: RHB Jackson Shewman 0-0: Ball
1-0: Called Strike
1-1: Fly out, F9 (Flyball, 89S)
Batting: RHB Billy Strauss 0-0: Called Strike
0-1: Called Strike
0-2: Ground out 6-3 (Groundball, 6)
Batting: RHB Héctor Galván 0-0: Fly out, F9 (Flyball, 89M)
Top of the 8th over - 0 run(s), 0 hit(s), 0 error(s), 0 left on base; Sacramento 0 - Athletic Club KC Academy 2
BOTTOM OF THE 8TH
Athletic Club KC Academy batting - Pitching for Sacramento Whitecaps : LHP Addie Samson
Batting: SHB Don Holmes 0-0: Ball
1-0: Ball
2-0: Ground out 5-3 (Groundball, 56)
Batting: RHB Ellis Martin 0-0: Ball
1-0: SINGLE (Line Drive, 89S)
Batting: SHB António Montés 0-0: Ball
1-0: Foul Ball, location: 2F
1-1: Foul Ball, location: 2F
1-2: Ground out U3 (Groundball, 3S)
Ellis Martin to second
Batting: RHB Glenn Woods 0-0: Ball
1-0: Called Strike
1-1: Ball
2-1: Ball
3-1: Foul Ball, location: 2F
3-2: Base on Balls
Pinch Hitting: RHB Jim Unknown 0-0: Ball
1-0: Swinging Strike
1-1: Ball
2-1: Ball
3-1: Foul Ball, location: 2F
3-2: Base on Balls
Ellis Martin to third
Glenn Woods to second
Pitching: RHP Pablo Solano
Batting: SHB Evan Adams 0-0: Ball
1-0: Swinging Strike
1-1: Ball
2-1: Foul Ball, location: 2F
2-2: Strikes out swinging
Bottom of the 8th over - 0 run(s), 1 hit(s), 0 error(s), 3 left on base; Sacramento 0 - Athletic Club KC Academy 2
TOP OF THE 9TH
Sacramento Whitecaps batting - Pitching for Athletic Club KC Academy : RHP Severiano Duclos
Now in CF: Jim Unknown
Batting: RHB Dan Mendoza 0-0: Ground out 6-3 (Groundball, 56)
Batting: RHB Randy García 0-0: Ball
1-0: Foul Ball, location: 2F
1-1: Ball
2-1: Ball
3-1: Base on Balls
Pinch Hitting: RHB Cullen Spencer 0-0: Called Strike
0-1: Fly out, F9 (Flyball, 9LS)
Pinch Hitting: RHB Jim Unknown 0-0: Ball
1-0: Foul Ball, location: 2F
1-1: Ball
2-1: Called Strike
2-2: Foul Ball, location: 2F
2-2: Ball
3-2: DOUBLE (Flyball, 8LXD)
Randy García to third
Randy García scores
Pitching: LHP Tomás Torres
Pinch Hitting: RHB Bryan Armstrong 0-0: Ball
1-0: Ball
2-0: Ball
3-0: Base on Balls
Pinch Hitting: RHB Bartolo García 0-0: Called Strike
0-1: Ball
1-1: Ball
2-1: Foul Ball, location: 2F
2-2: Ball
3-2: Foul Ball, location: 2F
3-2: Base on Balls
Jim Unknown to third
Bryan Armstrong to second
Batting: RHB Jackson Shewman 0-0: Ball
1-0: Ball
2-0: Called Strike
2-1: Foul Ball, location: 2F
2-2: Foul Ball, location: 2F
2-2: Foul Ball, location: 2F
2-2: Strikes out swinging
Top of the 9th over - 1 run(s), 1 hit(s), 0 error(s), 3 left on base; Sacramento 1 - Athletic Club KC Academy 2
This league is powered by Out of the Park Baseball, the baseball management simulation game for PC, Mac and Linux
Friday, October 23rd, 2015 - OOTP Baseball 16.9 Build 39